 Dungeon Crawl Stone Soup version 0.30-a0-808-g6e0788376e (webtiles) character file.

Game seed: 16880496013723854682

1382 porpoise the Sneak (level 8, -7/59 HPs)
             Began as a Gnoll Enchanter on Feb 27, 2023.
             Succumbed to a kobold brigand's curare-tipped dart
             ... in a sewer.
             The game lasted 00:16:06 (5443 turns).

porpoise the Sneak (Gnoll Enchanter)                Turns: 5443, Time: 00:16:06

Health: -7/59      AC:  2    Str:  8    XL:     8   Next: 67%
Magic:  26/26      EV: 14    Int: 22    God:
Gold:   106        SH:  6    Dex: 13    Spells: 11/19 levels left

rFire   . . .      SeeInvis .    a - +2 dagger (venom)
rCold   . . .      Faith    .    g - +1 buckler
rNeg    . . .      Spirit   .    m - +0 robe
rPois   .          Reflect  .    (no helmet)
rElec   .          Harm     .    (no cloak)
rCorr   .          Rampage  .    (no gloves)
Will    .....                    (no boots)
Stlth   +++                      (no amulet)
HPRegen 0.29/turn                f - ring of magical power
MPRegen 0.20/turn                e - +6 ring of intelligence

@: lethally poisoned (-7 -> -37)
A: fangs 1, strong nose, distributed training
a: no special abilities


You were in a sewer.
You visited 1 branch of the dungeon, and saw 6 of its levels.
You also visited: Sewer.

You collected 303 gold pieces.
You spent 197 gold pieces at shops.

Inventory:

Hand Weapons
 a - a +2 dagger of venom (weapon)
 v - a +3 war axe of flaming
 w - a +2 short sword of holy wrath
Missiles
 i - 12 boomerangs (quivered)
 n - a throwing net
Armour
 g - a +1 buckler (worn)
 m - a +0 robe (worn)
Magical Staves
 j - a staff of poison
 t - a staff of cold
Jewellery
 e - a +6 ring of intelligence (right hand)
 f - a ring of magical power (left hand)
 r - a ring of resist corrosion
Scrolls
 b - a scroll of brand weapon
 d - 2 scrolls of vulnerability
 h - a scroll of enchant weapon
 p - 2 scrolls of enchant armour
 q - a scroll of poison
Potions
 c - a potion of invisibility
 k - a potion of attraction
 l - a potion of ambrosia
 o - a potion of haste {unknown}
 s - a potion of cancellation


   Skills:
 + Level 3.6 Fighting
 + Level 4.5 Short Blades
 + Level 3.6 Long Blades
 + Level 3.6 Axes
 + Level 3.6 Maces & Flails
 + Level 3.6 Polearms
 + Level 3.6 Staves
 + Level 3.6 Ranged Weapons
 + Level 3.6 Throwing
 + Level 3.6 Armour
 + Level 5.9 Dodging
 + Level 7.0 Stealth
 + Level 3.6 Shields
 + Level 3.6 Unarmed Combat
 + Level 6.2 Spellcasting
 + Level 3.0 Conjurations
 + Level 6.2 Hexes
 + Level 3.0 Summonings
 + Level 3.0 Necromancy
 + Level 3.0 Translocations
 + Level 3.0 Transmutations
 + Level 3.0 Fire Magic
 + Level 3.0 Ice Magic
 + Level 3.0 Air Magic
 + Level 3.0 Earth Magic
 + Level 3.0 Poison Magic
 + Level 4.0 Invocations
 + Level 3.6 Evocations


You had 11 spell levels left.
You knew the following spells:

 Your Spells              Type           Power      Damage    Failure   Level
a - Confusing Touch       Hex            34%        N/A       2%          3
e - Ensorcelled Hibernat  Hex/Ice        54%        N/A       2%          2
t - Tukima's Dance        Hex            34%        N/A       2%          3

Your spell library contained the following spells:

 Spells                   Type           Power      Damage    Failure   Level
 Lesser Beckoning         Tloc           40%        N/A       5%          2
 Dazzling Flash           Conj/Hex       54%        N/A       5%          3
 Gell's Gravitas          Tloc           20%        N/A       11%         3
 Teleport Other           Tloc           20%        N/A       11%         3
 Iskenderun's Mystic Bla  Conj/Tloc      20%        2d6       34%         4
 Starburst                Conj/Fire      10%        6d5       99%         6


Dungeon Overview and Level Annotations

Branches:
Dungeon (6/15)              Sewer (1/1)
 Temple: D:4-7

Altars:
Cheibriados
Qazlal

Shops:
D:2 [   D:4 *


Innate Abilities, Weirdness & Mutations

You have very sharp teeth.
Your uncanny sense of smell can sniff out nearby items.
Your experience applies equally to all skills.


Message History

You bite the kobold brigand, but do no damage.
The kobold brigand is lightly wounded.
You hear a shout!
The kobold brigand barely misses you.
The kobold shouts!
You hit the kobold brigand.
The kobold brigand looks as sick as possible!
The kobold brigand is lightly wounded.
The kobold brigand throws a curare-tipped dart.
The curare-tipped dart hits you.
You are poisoned.
You have difficulty breathing.
You feel yourself slow down.
The kobold brigand hits you with a +0 whip.
You hit the kobold brigand.
The kobold brigand looks as sick as possible!
The kobold brigand is moderately wounded.
You feel very sick.
The kobold brigand throws a curare-tipped dart.
The curare-tipped dart hits you.
You are more poisoned.
You have difficulty breathing.
You feel as though you will be slow longer.
The kobold brigand closely misses you.
You are too injured to fight recklessly!
You are too injured to fight recklessly!
You barely miss the kobold brigand. Your bite misses the kobold brigand.
The kobold brigand is moderately wounded.
* * * LOW HITPOINT WARNING * * *
You feel extremely sick.
The kobold brigand throws a curare-tipped dart.
The curare-tipped dart hits you.
You are more poisoned.
You have difficulty breathing.
* * * LOW HITPOINT WARNING * * *
You feel as though you will be slow longer.
The kobold brigand misses you.
Your magical effects are unravelling.
You feel magically purged.
You feel yourself speed up.
You die...

## ..## ....# ...
####K#### #.~~....#
#@K~~~~.# #.~≈≈≈~~#
#)~≈≈≈~.# #.~≈≈≈~~#
#.~~≈~~.# #~.~≈~~.#
################~.~≈~~.#
~~~~~~~~~~~~~~~~~~~≈~..#
################~~~≈~~.#


You could see 2 kobold brigands.

Vanquished Creatures
  Sigmund (D:2)
  3 black bears
  An ice beast (D:5)
  An ogre (D:5)
  A howler monkey (D:4)
  8 hounds
  A jelly (D:4)
  2 orc priests (D:5)
  2 iguanas
  Natasha (twice) (D:3)
  4 orc wizards
  7 adders
  A river rat (Sewer)
  An ufetubus (D:4)
  4 worms
  4 dart slugs
  20 orcs
  4 bats
  4 endoplasms
  5 giant cockroaches
  7 goblins
  3 hobgoblins
  6 jackals
  9 kobolds
  6 quokkas
  6 ball pythons
  3 frilled lizards
  7 rats
123 creatures vanquished.

Vanquished Creatures (others)
  An orc (D:3)
1 creature vanquished.

Grand Total: 124 creatures vanquished

Notes
Turn   | Place    | Note
-------+----------+-------------------------------------------
     0 | D:1      | porpoise the Gnoll Enchanter began the quest for the Orb.
     0 | D:1      | Reached XP level 1. HP: 13/13 MP: 6/6
   122 | D:1      | Reached XP level 2. HP: 19/19 MP: 7/7
   125 | D:1      | Learned a level 2 spell: Ensorcelled Hibernation
   934 | D:2      | Found Xoblimah's Armour Boutique.
  1079 | D:2      | Reached skill level 5 in Spellcasting
  1079 | D:2      | Reached XP level 3. HP: 19/25 MP: 9/9
  1110 | D:2      | Reached skill level 6 in Stealth
  1110 | D:2      | Reached skill level 1 in Invocations
  1142 | D:2      | Learned a level 3 spell: Confusing Touch
  1146 | D:2      | Learned a level 3 spell: Tukima's Dance
  1261 | D:2      | Noticed Sigmund
  1263 | D:2      | Killed Sigmund
  1264 | D:2      | Reached skill level 1 in Fighting
  1264 | D:2      | Reached skill level 1 in Long Blades
  1264 | D:2      | Reached skill level 1 in Axes
  1264 | D:2      | Reached skill level 1 in Maces & Flails
  1264 | D:2      | Reached skill level 1 in Polearms
  1264 | D:2      | Reached skill level 1 in Staves
  1264 | D:2      | Reached skill level 1 in Ranged Weapons
  1264 | D:2      | Reached skill level 1 in Throwing
  1264 | D:2      | Reached skill level 1 in Armour
  1264 | D:2      | Reached skill level 1 in Shields
  1264 | D:2      | Reached skill level 1 in Unarmed Combat
  1264 | D:2      | Reached skill level 1 in Conjurations
  1264 | D:2      | Reached skill level 1 in Summonings
  1264 | D:2      | Reached skill level 1 in Necromancy
  1264 | D:2      | Reached skill level 1 in Translocations
  1264 | D:2      | Reached skill level 1 in Transmutations
  1264 | D:2      | Reached skill level 1 in Fire Magic
  1264 | D:2      | Reached skill level 1 in Ice Magic
  1264 | D:2      | Reached skill level 1 in Air Magic
  1264 | D:2      | Reached skill level 1 in Earth Magic
  1264 | D:2      | Reached skill level 1 in Poison Magic
  1264 | D:2      | Reached skill level 1 in Evocations
  1264 | D:2      | Reached XP level 4. HP: 33/33 MP: 11/11
  1264 | D:2      | Reached XP level 5. HP: 38/38 MP: 12/12
  1413 | D:2      | Reached XP level 6. HP: 44/44 MP: 13/13
  1711 | D:3      | Noticed a black bear
  1711 | D:3      | Found a faded altar of an unknown god.
  1722 | D:3      | Killed a black bear
  1723 | D:3      | Reached skill level 5 in Dodging
  1955 | D:3      | Noticed Natasha
  1961 | D:3      | Killed Natasha
  2256 | D:3      | Noticed Natasha
  2469 | D:3      | Killed Natasha
  2918 | D:4      | Reached XP level 7. HP: 51/51 MP: 15/15
  2929 | D:4      | Found Tuatut's Assorted Antiques.
  2940 | D:4      | Bought a scroll labelled WORPHU VEKA for 25 gold pieces
  2940 | D:4      | Bought a twisted emerald ring for 125 gold pieces
  2940 | D:4      | Bought a scroll labelled WORPHU VEKA for 25 gold pieces
  2940 | D:4      | Bought a blue potion for 22 gold pieces
  3627 | D:4      | Found a snail-covered altar of Cheibriados.
  3627 | D:4      | Found a stormy altar of Qazlal.
  4036 | D:5      | Entered Level 5 of the Dungeon
  4409 | D:5      | Reached XP level 8. HP: 35/58 MP: 16/16
  5016 | D:5      | Reached skill level 7 in Stealth
  5326 | D:6      | Found a glowing drain.
  5332 | Sewer    | Entered a sewer
  5443 | Sewer    | Succumbed to a kobold brigand's curare-tipped dart

Illustrated notes

Levels and vault maps discovered:
D:1:      sevenhm_arrival_forest_fort_small_6, layout_loops_ring,
          dreamdust_wishing_well, hangedman_feature_mirror,
          hangedman_decor_opposing
D:2:      layout_loops_ring, serial_shops, nicolae_shop_crystal, uniq_sigmund
D:3:      layout_basic, nicolae_ecumenical_pavilion, serial_glass,
          glass_columns_b, glass_columns_a, uniq_natasha
D:4:      layout_basic, gammafunk_temple_overflow_statue, serial_shops,
          nicolae_shop_trees, minmay_a_box_with_orc_wizards_in_it
D:5:      layout_gridville, grunt_decor_resistance,
          ebering_dispersal_statue_hall
D:6:      layout_basic, gup_sewer_entry_spiral, serial_bayou_crossing,
          uniq_pikel
Sewer:    sewer_kobolds

Skill      XL: |  1  2  3  4  5  6  7  8 |
---------------+-------------------------+-----
Spellcasting   | 5 6 |  6.2
Stealth        | 6 7 |  7.0
Invocations    | 2 3 4 |  4.0
Fighting       | 1 2 3 |  3.6
Short Blades   | 3 4 |  4.5
Long Blades    | 1 2 3 |  3.6
Axes           | 1 2 3 |  3.6
Maces & Flails | 1 2 3 |  3.6
Polearms       | 1 2 3 |  3.6
Staves         | 1 2 3 |  3.6
Ranged Weapons | 1 2 3 |  3.6
Throwing       | 1 2 3 |  3.6
Armour         | 1 2 3 |  3.6
Shields        | 1 2 3 |  3.6
Unarmed Combat | 1 2 3 |  3.6
Conjurations   | 1 2 3 |  3.0
Summonings     | 1 2 3 |  3.0
Necromancy     | 1 2 3 |  3.0
Translocations | 1 2 3 |  3.0
Transmutations | 1 2 3 |  3.0
Fire Magic     | 1 2 3 |  3.0
Ice Magic      | 1 2 3 |  3.0
Air Magic      | 1 2 3 |  3.0
Earth Magic    | 1 2 3 |  3.0
Poison Magic   | 1 2 3 |  3.0
Evocations     | 1 2 3 |  3.6
Dodging        | 5 |  5.9
Hexes          | 6 |  6.2

Action                     |  1- 3 |  4- 6 |  7- 9 || total
---------------------------+-------+-------+-------++-------
  Melee: Dagger            |    60 |   129 |   199 ||   388
         Bite              |     4 |    15 |    22 ||    41
   Cast: Ensorcelled Hiber |     3 |    11 |    14 ||    28
    Use: Scroll            |     2 |     1 |     5 ||     8
         Potion            |       |     5 |     3 ||     8
   Stab: Sleeping          |     9 |    22 |    18 ||    49
 Armour: Robe              |     8 |    26 |     8 ||    42
  Dodge: Dodged            |    26 |    59 |    83 ||   168
  Block: Buckler           |     2 |    12 |    38 ||    52

Table legend: (Time is in decaauts)
 A = Elapsed time spent in this place.
 B = Non-inter-level travel time spent in this place.
 C = Inter-level travel time spent in this place.
 D = Time resting spent in this place.
 E = Time spent auto-exploring this place.
 F = Levels seen in this place.
 G = Mean time per level.
                   A        B        C        D        E       F      G
               +--------+--------+--------+--------+--------+-----+--------+
         Total |   5461 |   5288 |    173 |   1285 |   2746 |   7 |  780.1 |
       Dungeon |   5312 |   5139 |    173 |   1285 |   2705 |   6 |  885.3 |
         Sewer |    149 |    149 |      0 |      0 |     41 |   1 |  149.0 |
               +--------+--------+--------+--------+--------+-----+--------+

Top non-repeatable levels by time:
     D:4: 1109 daAuts
     D:5: 1051 daAuts
     D:2: 1012 daAuts
     D:3: 958 daAuts
     D:1: 929 daAuts
     D:6: 250 daAuts
   Sewer: 149 daAuts
